| TOP OF THE 1ST |
|
Quad Cities River Bandits batting - Pitching for Charleston RiverDogs : RHP Soh Kawashima
|
|
Pitching: RHP Soh Kawashima
|
|
|
Batting: RHB Ben Hoffman
|
0-0: Foul Ball, location: 2F 0-1: Ball 1-1: Swinging Strike 1-2: Strikes out swinging
|
|
Batting: RHB Matt Parker
|
0-0: Ball 1-0: Ground out 6-3 (Groundball, 6, EV 77.5 MPH)
|
|
Batting: LHB Angelo Vasquez
|
0-0: Ball 1-0: Called Strike 1-1: Ball 2-1: Swinging Strike 2-2: Strikes out swinging
|
| Top of the 1st over - 0 runs, 0 hits, 0 errors, 0 left on base; Quad Cities 0 - Charleston 0 |
| BOTTOM OF THE 1ST |
|
Charleston RiverDogs batting - Pitching for Quad Cities River Bandits : RHP Robin Yelland
|
|
Pitching: RHP Robin Yelland
|
|
|
Batting: LHB Tatsuo Yasui
|
0-0: Ground out 6-3 (Groundball, 6M, EV 82.5 MPH)
|
|
Batting: RHB James Boynton
|
0-0: Called Strike 0-1: Swinging Strike 0-2: Ground out 4-3 (Groundball, 4M, EV 86.9 MPH)
|
|
Batting: LHB Ryan Rodgers
|
0-0: Ball 1-0: Foul Ball, location: 2F 1-1: Fly out, F6 (Flyball, 6D, EV 87.5 MPH)
|
| Bottom of the 1st over - 0 runs, 0 hits, 0 errors, 0 left on base; Quad Cities 0 - Charleston 0 |
| TOP OF THE 2ND |
|
Quad Cities River Bandits batting - Pitching for Charleston RiverDogs : RHP Soh Kawashima
|
|
Batting: RHB Joe Cook
|
0-0: Ball 1-0: Ground out 6-3 (Groundball, 6, EV 85.6 MPH)
|
|
Batting: RHB Steve Moore
|
0-0: Foul Ball, location: 2F 0-1: Ball 1-1: Foul Ball, location: 2F 1-2: Foul Ball, location: 2F 1-2: Strikes out looking
|
|
Batting: LHB Kelvin Jones
|
0-0: Ball 1-0: Swinging Strike 1-1: Ball 2-1: Ball 3-1: Foul Ball, location: 2F 3-2: SINGLE (Line Drive, 4D, EV 110.6 MPH)
|
|
Batting: RHB Colin Cranford
|
0-0: Fielders Choice at 2nd, U4 (Groundball, 4M, EV 101.3 MPH)
|
| Top of the 2nd over - 0 runs, 1 hit, 0 errors, 1 left on base; Quad Cities 0 - Charleston 0 |
| BOTTOM OF THE 2ND |
|
Charleston RiverDogs batting - Pitching for Quad Cities River Bandits : RHP Robin Yelland
|
|
Batting: SHB Reagan Dudley
|
0-0: Foul Ball, location: 2F 0-1: Ball 1-1: Foul Ball, location: 2F 1-2: Ball 2-2: Fly out, F8 (Flyball, 78D, EV 101.9 MPH)
|
|
Batting: SHB Mike Goad
|
0-0: Ball 1-0: SINGLE (Line Drive, 56, EV 93.8 MPH)
|
|
Batting: LHB Eddie Ramirez
|
0-0: Ball 1-0: Ball 2-0: Ball 3-0: Called Strike 3-1: TRIPLE (Line Drive, 89XD, EV 102.5 MPH) Mike Goad scores
|
|
Batting: RHB Luwen Storm
|
0-0: Ball 1-0: Called Strike 1-1: Ball 2-1: Ball 3-1: Foul Ball, location: 2F 3-2: Ground out U3 (Groundball, 3, EV 100.6 MPH)
|
|
Batting: RHB Miguel Leal
|
0-0: Ball 1-0: Foul Ball, location: 2F 1-1: Called Strike 1-2: Ball 2-2: Foul Ball, location: 2F 2-2: Ground out 6-3 (Groundball, 6, EV 87.5 MPH)
|
| Bottom of the 2nd over - 1 run, 2 hits, 0 errors, 1 left on base; Quad Cities 0 - Charleston 1 |
| TOP OF THE 3RD |
|
Quad Cities River Bandits batting - Pitching for Charleston RiverDogs : RHP Soh Kawashima
|
|
Batting: SHB Chris Keziah
|
0-0: Ball 1-0: Ball 2-0: Ball 3-0: Base on Balls
|
|
Batting: RHB Ben Glavich
|
0-0: Ball 1-0: Called Strike 1-1: Ball 2-1: Foul Ball, location: 2F 2-2: Strikes out looking
|
|
Batting: RHB Ben Hoffman
|
0-0: Ball 1-0: Called Strike 1-1: Ball 2-1: Swinging Strike 2-2: Ball Wild Pitch! Chris Keziah to second 3-2: SINGLE (Groundball, 13S, EV 70.6 MPH) (infield hit) Chris Keziah to third
|
|
Batting: RHB Matt Parker
|
0-0: SINGLE (Groundball, 6MD, EV 95.0 MPH) Chris Keziah scores Ben Hoffman to second Runner from 2nd tries for 3rd, OUT! 8-5
|
|
Batting: LHB Angelo Vasquez
|
0-0: Ball Matt Parker steals 2nd base 1-0: Ball 2-0: Ball 3-0: Base on Balls
|
|
Batting: RHB Joe Cook
|
0-0: Called Strike 0-1: Ball 1-1: SINGLE (Groundball, 56S, EV 66.9 MPH) (infield hit) Matt Parker to third Angelo Vasquez to second
|
|
Batting: RHB Steve Moore
|
0-0: Called Strike 0-1: Fly out, F7 (Flyball, 78D, EV 103.8 MPH)
|
| Top of the 3rd over - 1 run, 3 hits, 0 errors, 3 left on base; Quad Cities 1 - Charleston 1 |
| BOTTOM OF THE 3RD |
|
Charleston RiverDogs batting - Pitching for Quad Cities River Bandits : RHP Robin Yelland
|
|
Batting: RHB Nick Massengale
|
0-0: SINGLE (Groundball, 5D, EV 106.3 MPH)
|
|
Batting: LHB Tatsuo Yasui
|
0-0: Ball Nick Massengale steals 2nd base 1-0: Foul Ball, location: 2F 1-1: Ball 2-1: Ball 3-1: Ground out U3 (Groundball, 3L, EV 95.6 MPH) Nick Massengale to third
|
|
Batting: RHB James Boynton
|
0-0: SINGLE (Line Drive, 8RS, EV 91.9 MPH) Nick Massengale scores
|
|
Batting: LHB Ryan Rodgers
|
0-0: Called Strike 0-1: Called Strike 0-2: Fly out, F8 (Flyball, 89D, EV 85.0 MPH)
|
|
Batting: SHB Reagan Dudley
|
0-0: Ball James Boynton steals 2nd base 1-0: Foul Ball, location: 2F 1-1: Foul Ball, location: 2F 1-2: Ball 2-2: Ball 3-2: Ground out U3 (Groundball, 34, EV 76.9 MPH)
|
| Bottom of the 3rd over - 1 run, 2 hits, 0 errors, 1 left on base; Quad Cities 1 - Charleston 2 |
| TOP OF THE 4TH |
|
Quad Cities River Bandits batting - Pitching for Charleston RiverDogs : RHP Soh Kawashima
|
|
Batting: LHB Kelvin Jones
|
0-0: Ball 1-0: Ball 2-0: Called Strike 2-1: Foul Ball, location: 2F 2-2: Fly out, F7 (Flyball, 78S, EV 70.0 MPH)
|
|
Batting: RHB Colin Cranford
|
0-0: Swinging Strike 0-1: Foul Ball, location: 2F 0-2: Ball 1-2: DOUBLE (Line Drive, 78D, EV 102.5 MPH)
|
|
Batting: SHB Chris Keziah
|
0-0: Ball 1-0: Swinging Strike 1-1: Foul Ball, location: 2F 1-2: Foul Ball, location: 2F 1-2: Foul Ball, location: 2F 1-2: Ground out U3 (Groundball, 3, EV 89.4 MPH) Colin Cranford to third
|
|
Batting: RHB Ben Glavich
|
0-0: SINGLE (Groundball, P, EV 85.0 MPH) (infield hit) Colin Cranford scores
|
|
Batting: RHB Ben Hoffman
|
0-0: Called Strike 0-1: Ball 1-1: Ball 2-1: Foul Ball, location: 2F 2-2: SINGLE (Groundball, 56D, EV 108.1 MPH) Ben Glavich to second
|
|
Batting: RHB Matt Parker
|
0-0: Swinging Strike 0-1: Ball 1-1: SINGLE (Groundball, 56D, EV 97.5 MPH) Ben Glavich to third Ben Hoffman to second Runner from 3rd tries for Home, SAFE, throw by LF to home
|
|
Batting: LHB Angelo Vasquez
|
0-0: Foul Ball, location: 2F 0-1: Foul Ball, location: 2F 0-2: Foul Ball, location: 2F 0-2: Strikes out swinging
|
| Top of the 4th over - 2 runs, 4 hits, 0 errors, 2 left on base; Quad Cities 3 - Charleston 2 |
| BOTTOM OF THE 4TH |
|
Charleston RiverDogs batting - Pitching for Quad Cities River Bandits : RHP Robin Yelland
|
|
Batting: SHB Mike Goad
|
0-0: Called Strike 0-1: Fly out, F5 (Popup, 15, EV 78.8 MPH)
|
|
Batting: LHB Eddie Ramirez
|
0-0: Ball 1-0: Called Strike 1-1: Ball 2-1: Ground out 4-3 (Groundball, 4, EV 86.9 MPH)
|
|
Batting: RHB Luwen Storm
|
0-0: Called Strike 0-1: Ball 1-1: Called Strike 1-2: Ball 2-2: Foul Ball, location: 2F 2-2: SINGLE (Groundball, 56D, EV 100.6 MPH)
|
|
Batting: RHB Miguel Leal
|
0-0: Ball Luwen Storm steals 2nd base 1-0: SINGLE (Flyball, 4D, EV 96.9 MPH) Luwen Storm to third
|
|
Batting: RHB Nick Massengale
|
0-0: Ball 1-0: Fielders Choice at 2nd, 6-4 (Groundball, 6, EV 85.6 MPH)
|
| Bottom of the 4th over - 0 runs, 2 hits, 0 errors, 2 left on base; Quad Cities 3 - Charleston 2 |
| TOP OF THE 5TH |
|
Quad Cities River Bandits batting - Pitching for Charleston RiverDogs : RHP Soh Kawashima
|
|
Batting: RHB Joe Cook
|
0-0: Called Strike 0-1: Foul Ball, location: 2F 0-2: Fly out, F6 (Flyball, 6MD, EV 86.9 MPH)
|
|
Pitching: RHP Ruud Reintjens
|
|
|
Batting: RHB Steve Moore
|
0-0: Swinging Strike 0-1: Ball 1-1: Ball 2-1: Ball 3-1: Foul Ball, location: 2F 3-2: Strikes out swinging
|
|
Batting: LHB Kelvin Jones
|
0-0: Ball 1-0: Ball 2-0: Called Strike 2-1: Foul Ball, location: 2F 2-2: Ball 3-2: Foul Ball, location: 2F 3-2: Base on Balls
|
|
Batting: RHB Colin Cranford
|
0-0: Ball 1-0: Ball Kelvin Jones steals 2nd base 2-0: Ball 3-0: Swinging Strike 3-1: Swinging Strike 3-2: Foul Ball, location: 2F 3-2: Strikes out swinging
|
| Top of the 5th over - 0 runs, 0 hits, 0 errors, 1 left on base; Quad Cities 3 - Charleston 2 |
| BOTTOM OF THE 5TH |
|
Charleston RiverDogs batting - Pitching for Quad Cities River Bandits : RHP Robin Yelland
|
|
Batting: LHB Tatsuo Yasui
|
0-0: Called Strike 0-1: Ball 1-1: Ball 2-1: Called Strike 2-2: Ground out U3 (Groundball, 3, EV 79.4 MPH)
|
|
Batting: RHB James Boynton
|
0-0: Foul Ball, location: 2F 0-1: Reached on error, E2 (Groundball, 15S, EV 68.8 MPH)
|
|
Batting: LHB Ryan Rodgers
|
0-0: Ball 1-0: Swinging Strike 1-1: Swinging Strike 1-2: Foul Ball, location: 2F 1-2: Foul Ball, location: 2F 1-2: Foul Ball, location: 2F 1-2: Ball Pickoff Throw to First - Error! E1 James Boynton to second 2-2: Foul Ball, location: 2F 2-2: Ball 3-2: Foul Ball, location: 2F 3-2: SINGLE (Line Drive, 6M, EV 108.8 MPH) James Boynton to third
|
|
Batting: SHB Reagan Dudley
|
0-0: SINGLE (Groundball, 4D, EV 111.9 MPH) James Boynton scores Ryan Rodgers to second Runner from 2nd tries for 3rd, SAFE, throw by RF made to third
|
|
Batting: SHB Mike Goad
|
0-0: Called Strike 0-1: Ball 1-1: Grounds into double play, 6-4-3 (Groundball, 6, EV 81.3 MPH)
|
| Bottom of the 5th over - 1 run, 2 hits, 2 errors, 1 left on base; Quad Cities 3 - Charleston 3 |
| TOP OF THE 6TH |
|
Quad Cities River Bandits batting - Pitching for Charleston RiverDogs : RHP Ruud Reintjens
|
|
Batting: SHB Chris Keziah
|
0-0: Ball 1-0: Ground out 4-3 (Groundball, 4, EV 90.0 MPH)
|
|
Batting: RHB Ben Glavich
|
0-0: Ball 1-0: Ball 2-0: Foul Ball, location: 2F 2-1: Ball 3-1: Ground out 5-3 (Groundball, 56, EV 103.8 MPH)
|
|
Batting: RHB Ben Hoffman
|
0-0: Ball 1-0: Ball 2-0: Foul Ball, location: 2F 2-1: Foul Ball, location: 2F 2-2: Ball 3-2: SINGLE (Groundball, 56D, EV 104.4 MPH)
|
|
Batting: RHB Matt Parker
|
0-0: Called Strike Ben Hoffman steals 2nd base 0-1: Swinging Strike 0-2: Fly out, F5 (Popup, 5SF, EV 75.6 MPH)
|
| Top of the 6th over - 0 runs, 1 hit, 0 errors, 1 left on base; Quad Cities 3 - Charleston 3 |
| BOTTOM OF THE 6TH |
|
Charleston RiverDogs batting - Pitching for Quad Cities River Bandits : RHP Robin Yelland
|
|
Batting: LHB Eddie Ramirez
|
0-0: Fly out, F7 (Line Drive, 78S, EV 103.8 MPH)
|
|
Batting: RHB Luwen Storm
|
0-0: Ball 1-0: Called Strike 1-1: Ball 2-1: SINGLE (Groundball, 56D, EV 110.6 MPH)
|
|
Batting: RHB Miguel Leal
|
0-0: Ball 1-0: Fly out, F4 (Flyball, 34D, EV 88.1 MPH)
|
|
Batting: RHB Nick Massengale
|
0-0: Ball 1-0: Ball Luwen Storm steals 2nd base 2-0: Ball 3-0: Called Strike 3-1: Called Strike 3-2: Foul Ball, location: 2F 3-2: Strikes out swinging
|
| Bottom of the 6th over - 0 runs, 1 hit, 0 errors, 1 left on base; Quad Cities 3 - Charleston 3 |
| TOP OF THE 7TH |
|
Quad Cities River Bandits batting - Pitching for Charleston RiverDogs : RHP Ruud Reintjens
|
|
Pitching: RHP Gabe Pomales
|
|
|
Batting: LHB Angelo Vasquez
|
0-0: Ball 1-0: Called Strike 1-1: Ball 2-1: Foul Ball, location: 2F 2-2: Ball 3-2: SOLO HOME RUN (Line Drive, 9LD, EV 99.4 MPH), Distance : 397 ft
|
|
Batting: RHB Joe Cook
|
0-0: Ball 1-0: Ground out 6-3 (Groundball, 6, EV 85.0 MPH)
|
|
Batting: RHB Steve Moore
|
0-0: Called Strike 0-1: Ball 1-1: Called Strike 1-2: Ball 2-2: Ball 3-2: Foul Ball, location: 2F 3-2: Strikes out swinging
|
|
Batting: LHB Kelvin Jones
|
0-0: Swinging Strike 0-1: Ball 1-1: Swinging Strike 1-2: Ball 2-2: Ball 3-2: Strikes out swinging
|
| Top of the 7th over - 1 run, 1 hit, 0 errors, 0 left on base; Quad Cities 4 - Charleston 3 |
| BOTTOM OF THE 7TH |
|
Charleston RiverDogs batting - Pitching for Quad Cities River Bandits : RHP Robin Yelland
|
|
Batting: LHB Tatsuo Yasui
|
0-0: Ball 1-0: Called Strike 1-1: Ball 2-1: SINGLE (Groundball, 34D, EV 78.1 MPH) (infield hit)
|
|
Pitching: RHP Arsène Serre
|
|
|
Batting: RHB James Boynton
|
0-0: Called Strike 0-1: Ball 1-1: Ball 2-1: SINGLE (Groundball, 6MD, EV 102.5 MPH) Tatsuo Yasui to second Runner from 2nd tries for 3rd, SAFE, throw by CF made to third
|
|
Batting: LHB Ryan Rodgers
|
0-0: Ball 1-0: 3-RUN HOME RUN (Flyball, 9D, EV 101.3 MPH), Distance : 389 ft
|
|
Batting: SHB Reagan Dudley
|
0-0: Ball 1-0: Ball 2-0: Foul Ball, location: 2F 2-1: SINGLE (Line Drive, 8LS, EV 95.0 MPH)
|
|
Batting: SHB Mike Goad
|
0-0: Swinging Strike 0-1: Foul Ball, location: 2F 0-2: Ball 1-2: Fielders Choice at 2nd, 4-6 (Groundball, 4, EV 88.1 MPH)
|
|
Batting: LHB Eddie Ramirez
|
0-0: Ball 1-0: Ball 2-0: Grounds into double play, 6-4-3 (Groundball, 6, EV 109.4 MPH)
|
| Bottom of the 7th over - 3 runs, 4 hits, 0 errors, 0 left on base; Quad Cities 4 - Charleston 6 |
| TOP OF THE 8TH |
|
Quad Cities River Bandits batting - Pitching for Charleston RiverDogs : RHP Gabe Pomales
|
|
Now in LF: Tony Saenz
|
|
|
Batting: RHB Colin Cranford
|
0-0: Called Strike 0-1: Ball 1-1: Swinging Strike 1-2: Ball 2-2: Foul Ball, location: 2F 2-2: Ball 3-2: Strikes out swinging
|
|
Batting: SHB Chris Keziah
|
0-0: Foul Ball, location: 2F 0-1: Ball 1-1: Ball 2-1: Foul Ball, location: 2F 2-2: Strikes out swinging
|
|
Batting: RHB Ben Glavich
|
0-0: Ball 1-0: Ground out 1-3 (Groundball, 13S, EV 71.9 MPH)
|
| Top of the 8th over - 0 runs, 0 hits, 0 errors, 0 left on base; Quad Cities 4 - Charleston 6 |
| BOTTOM OF THE 8TH |
|
Charleston RiverDogs batting - Pitching for Quad Cities River Bandits : RHP Arsène Serre
|
|
Pitching: RHP Chris Miles
|
|
|
Batting: RHB Luwen Storm
|
0-0: Ball 1-0: Ball 2-0: Called Strike 2-1: Ball 3-1: Fly out, F8 (Flyball, 8RXD, EV 106.9 MPH)
|
|
Batting: RHB Miguel Leal
|
0-0: Foul Ball, location: 2F 0-1: Foul Ball, location: 2F 0-2: Ball 1-2: Foul Ball, location: 2F 1-2: Foul Ball, location: 2F 1-2: Ball 2-2: SOLO HOME RUN (Flyball, 7D, EV 100.6 MPH), Distance : 406 ft
|
|
Batting: RHB Nick Massengale
|
0-0: Ball 1-0: SINGLE (Line Drive, 4M, EV 99.4 MPH)
|
|
Batting: LHB Tatsuo Yasui
|
0-0: Called Strike 0-1: Ball 1-1: Ball 2-1: Ball 3-1: SINGLE (Groundball, 25, EV 68.1 MPH) (infield hit) Nick Massengale to second
|
|
Batting: RHB James Boynton
|
0-0: Ball 1-0: 3-RUN HOME RUN (Line Drive, 9LD, EV 98.1 MPH), Distance : 367 ft
|
|
Batting: LHB Ryan Rodgers
|
0-0: Ball 1-0: Ground out 4-3 (Groundball, 4, EV 89.4 MPH)
|
|
Batting: SHB Reagan Dudley
|
0-0: Ball 1-0: Ball 2-0: SINGLE (Groundball, 4MD, EV 107.5 MPH)
|
|
Batting: RHB Tony Saenz
|
0-0: DOUBLE (Groundball, 5L, EV 104.4 MPH) Reagan Dudley to third
|
|
Batting: LHB Eddie Ramirez
|
0-0: Called Strike 0-1: 3-RUN HOME RUN (Flyball, 9LD, EV 91.9 MPH), Distance : 350 ft
|
|
Batting: RHB Luwen Storm
|
0-0: Ball 1-0: Ball 2-0: Ball 3-0: Base on Balls
|
|
Batting: RHB Miguel Leal
|
0-0: Called Strike 0-1: Called Strike 0-2: Ball 1-2: Ball 2-2: Ball 3-2: Strikes out swinging
|
| Bottom of the 8th over - 7 runs, 7 hits, 0 errors, 1 left on base; Quad Cities 4 - Charleston 13 |
| TOP OF THE 9TH |
|
Quad Cities River Bandits batting - Pitching for Charleston RiverDogs : RHP Gabe Pomales
|
|
Batting: RHB Ben Hoffman
|
0-0: Ball 1-0: Called Strike 1-1: Called Strike 1-2: Foul Ball, location: 2F 1-2: SINGLE (Groundball, 25, EV 72.5 MPH) (infield hit)
|
|
Batting: RHB Matt Parker
|
0-0: Ball 1-0: Fly out, F4 (Popup, 4, EV 61.9 MPH)
|
|
Batting: LHB Angelo Vasquez
|
0-0: Called Strike 0-1: Ball 1-1: Swinging Strike 1-2: Ball Pickoff Throw to First - Error! E1 Ben Hoffman to second 2-2: Ball 3-2: Base on Balls
|
|
Batting: RHB Joe Cook
|
0-0: Ball 1-0: Foul Ball, location: 2F 1-1: Called Strike 1-2: Ball 2-2: Ball 3-2: Fielders Choice at 2nd, 4-6 (Groundball, 4M, EV 98.8 MPH) Ben Hoffman to third
|
|
Batting: RHB Steve Moore
|
0-0: Foul Ball, location: 2F Balk! Ben Hoffman scores Joe Cook to second 0-1: Called Strike 0-2: Foul Ball, location: 2F 0-2: Ball 1-2: Strikes out swinging
|
| Top of the 9th over - 1 run, 1 hit, 1 error, 1 left on base; Quad Cities 5 - Charleston 13 |
|